 Dungeon Crawl Stone Soup version 0.28-a0-1555-g9ae15a6949 (webtiles) character file.

Game seed: 6242556675127689831

3360 belegose the Ruffian (level 9, 0/57 (74) HPs)
             Began as a Troll Chaos Knight on Jan 18, 2022.
             Was a Plaything of Xom.
             Slain by a wight (1 damage)
             ... on level 7 of the Dungeon.
             The game lasted 00:24:25 (7841 turns).

belegose the Ruffian (Troll Chaos Knight)           Turns: 7841, Time: 00:24:26

HP:   0/57 (74)     AC:  6    Str: 22    XL:     9   Next: 73%
MP:   7/7           EV:  9    Int: 12    God:    Xom [*.....]
Gold: 421           SH:  4    Dex:  9    Spells: 8/8 levels left

rFire   . . .      SeeInvis .   n - +2 quarterstaff (chaos)
rCold   . . .      Faith    .   (shield currently unavailable)
rNeg    . . .      Spirit   .   b - +2 robe
rPois   .          Reflect  .   (helmet restricted)
rElec   .          Harm     .   v - +0 cloak
rCorr   .          Rampage  .   (gloves unavailable)
Will    .....                   (boots unavailable)
Stlth   +.........              (no amulet)
HPRegen 0.99/turn               (no ring)
MPRegen 0.10/turn               (no ring)

@: heavily drained
A: large, unfitting armour, claws 3, regeneration 1, shaggy fur 1, tough skin 1,
large bone plates 1, deformed body, frail 2, low mp 1, MP-powered wands
a: Renounce Religion


You were on level 7 of the Dungeon.
You worshipped Xom.
You were a special plaything of Xom.
You visited 2 branches of the dungeon, and saw 9 of its levels.
You also visited: Sewer.

You collected 421 gold pieces.

Inventory:

Hand Weapons
 a - a +0 mace of chaos
 n - a +2 quarterstaff of chaos (weapon)
 t - a +0 hunting sling
 H - a +2 scimitar of holy wrath
Missiles
 c - 72 sling bullets
 h - 199 stones
 r - 9 poisoned darts (quivered)
 s - a boomerang
Armour
 b - a +2 robe (worn)
 v - a +0 cloak (worn)
Jewellery
 u - an amulet of faith
Wands
 k - a wand of acid (5)
 A - a wand of polymorph (18)
 D - a wand of paralysis (13)
Scrolls
 g - 3 scrolls of fog {unknown}
 i - 3 scrolls of summoning {unknown}
 p - 6 scrolls of vulnerability {unknown}
 q - a scroll of immolation {unknown}
 w - a scroll of blinking {unknown}
 y - 3 scrolls of holy word {unknown}
 C - 5 scrolls of fear {unknown}
 E - a scroll of brand weapon {unknown}
 F - a scroll of amnesia {unknown}
 I - a scroll of teleportation {unknown}
 K - a scroll of torment {unknown}
 L - a scroll of enchant weapon {unknown}
Potions
 d - 2 potions of heal wounds
 e - a potion of haste {unknown}
 f - a potion of resistance {unknown}
 j - 2 potions of berserk rage {unknown}
 l - a potion of mutation {unknown}
 m - a potion of invisibility {unknown}
 o - 2 potions of magic {unknown}
 x - 2 potions of curing
 z - a potion of attraction {unknown}
 B - 2 potions of lignification
 G - 3 potions of cancellation
 J - a potion of experience {unknown}


   Skills:
 + Level 7.0 Fighting
 - Level 2.6(2.9) Maces & Flails
 + Level 1.2(2.0) Staves
 + Level 5.2 Throwing
 - Level 1.9 Dodging
 - Level 7.4 Unarmed Combat
 + Level 4.3 Evocations


You had 8 spell levels left.
You didn't know any spells.
Your spell library contained the following spells:

 Spells                   Type           Power      Damage    Failure   Level
 Scorch                   Fire           0%         2d5       45%         2
 Portal Projectile        Hex/Tloc       0%         N/A       69%         3
 Flame Wave               Conj/Fire      0%         2d4       97%         4
 Blade Hands              Tmut           0%         N/A       100%        5
 Excruciating Wounds      Necr           0%         N/A       100%        5
 Summon Cactus Giant      Summ           0%         N/A       100%        6


Dungeon Overview and Level Annotations

Branches:
Dungeon (8/15)             Temple (1/1) D:4           Sewer (visited)
   Lair: D:8-11

Altars:
Ashenzari
Hepliaklqana
Kikubaaqudgha
Nemelex Xobeh
Okawaru
Ru
Sif Muna
Wu Jian
Xom

Shops:
D:1 (


Innate Abilities, Weirdness & Mutations

You are too large for most types of armour.
You have claws for hands.
Your natural rate of healing is unusually fast.
You are covered in fur. (AC +1)
You have tough skin. (AC +1)
You are partially covered in large bone plates. (SH +4)
Armour fits poorly on your strangely shaped body.
You are very frail. (-20% HP)
Your magical capacity is low. (-10% MP)
You expend magic power (3 MP) to strengthen your wands.


Message History

The wight hits you with a +4 long sword of freezing.
The wight freezes you.
In your confused state, you trip and fall back down the stairs.
Xom thinks this is hilarious!
The wight hits you with a +0 hand axe.
A wight comes into view. It is wielding a +0 long sword.
The wight hits you with a +4 long sword of freezing!
The wight freezes you.
Unknown command.
The wight barely misses you.
The wight hits you with a +4 long sword of freezing!
The wight freezes you.
In your confused state, you trip and fall back down the stairs.
Xom thinks this is hilarious!
The wight misses you.
The wight hits you with a +4 long sword of freezing!
* * * LOW HITPOINT WARNING * * *
You feel drained.
* * * LOW HITPOINT WARNING * * *
The wight freezes you.
* * * LOW HITPOINT WARNING * * *
Unknown command.
You feel better. The wight hits you with a +0 hand axe.
* * * LOW HITPOINT WARNING * * *
You feel drained.
* * * LOW HITPOINT WARNING * * *
The wight barely misses you.
Unknown command.
The wight hits you but does no damage. The wight barely misses you.
The wight hits you with a +4 long sword of freezing.
* * * LOW HITPOINT WARNING * * *
The wight freezes you.
* * * LOW HITPOINT WARNING * * *
You climb upwards.
There is a stone staircase leading down here.
The wight hits you with a +4 long sword of freezing!
* * * LOW HITPOINT WARNING * * *
You feel drained.
You die...
Xom cackles wildly!

)..#####.# #.....##...........
.).......## #.....##.....#.#.##
#####.....# #.....##..........#
#.....#####.....##..#..#.####
####.....'.............#..#.# #
##...#....#############.#..#.# #
....................[[..#..#.# #
##............>z....#####..#.# #
##...#........zz@....####..#.# #
............#######.....#..#.# #
............#⌠...###.##.#....#
............##...# #.##.#...##
..............._.# #.##.#...#
............##...# #.##.#...#
............#⌠...###.##.#...#
............######...##.#...#####
.................######.#...#...#


You could see 3 wights.

Vanquished Creatures
  A kobold demonologist (D:6)
  Eustachio (D:5)
  A steam dragon (D:7)
  An orc warrior (D:7)
  Pargi (Sewer)
  4 ice beasts
  2 sky beasts
  2 phantoms (D:6)
  A centaur (D:6)
  2 bullfrogs
  A water moccasin skeleton (D:5)
  3 killer bees
  7 wights (D:7)
  7 howler monkeys
  3 orc priests
  2 bullfrog zombies (D:6)
  3 hounds
  Crazy Yiuf (D:2)
  A centaur skeleton (D:4)
  3 iguanas
  9 orc wizards
  A hound skeleton (D:3)
  Robin (D:4)
  8 gnolls
  6 adders
  3 ufetubi
  An adder skeleton (D:4)
  2 worms
  2 dart slugs
  32 orcs
  20 ball pythons
  7 endoplasms
  4 giant cockroaches
  11 hobgoblins
  10 jackals
  6 kobolds
  5 quokkas
  12 bats
  14 frilled lizards
  16 goblins
  26 rats
243 creatures vanquished.

Vanquished Creatures (collateral kills)
  An orc (D:7)
1 creature vanquished.

Vanquished Creatures (others)
  A scorpion (D:5)
1 creature vanquished.

Grand Total: 245 creatures vanquished

Notes
Turn   | Place    | Note
-------+----------+-------------------------------------------
     0 | D:1      | belegose the Troll Chaos Knight began the quest for the
                  | Orb.
     0 | D:1      | Reached XP level 1. HP: 22/22 MP: 0/0
    54 | D:1      | Found a faded altar of an unknown god.
   101 | D:1      | Reached skill level 1 in Unarmed Combat
   141 | D:1      | XOM: silly message
   187 | D:1      | Reached XP level 2. HP: 29/29 MP: 1/1
   223 | D:1      | Found Waycloeg's Weapon Shoppe.
   810 | D:2      | Reached XP level 3. HP: 37/37 MP: 2/2
   999 | D:2      | Found a runed translucent door.
  1000 | D:2      | Noticed Crazy Yiuf
  1543 | D:2      | XOM is BORED!
  1543 | D:2      | XOM: noise
  1590 | D:2      | XOM: silly message
  1712 | D:2      | Reached XP level 4. HP: 45/45 MP: 3/3
  1776 | D:2      | XOM: 1-stop teleportation journey
  1846 | D:2      | XOM: polymorph rat -> goblin
  2237 | D:3      | XOM: noise
  2238 | D:3      | XOM: cast spell 'Summon Small Mammal'
  2238 | D:3      | XOM: smoke on damage
  2253 | D:3      | Reached XP level 5. HP: 43/54 MP: 4/4
  2367 | D:3      | Found an ancient bone altar of Kikubaaqudgha.
  2379 | D:3      | Found a sacrificial altar of Ru.
  2424 | D:3      | XOM is BORED!
  2424 | D:3      | XOM: noise
  2466 | D:3      | XOM: cast spell 'Leda's Liquefaction'
  2772 | D:3      | XOM: smoke on damage
  2918 | D:3      | Reached XP level 6. HP: 62/62 MP: 5/5
  2973 | D:3      | Identified the +2 helmet of Fooss {rPois Int-3 SInv}
  2973 | D:3      | Noticed Robin
  3059 | D:4      | Killed Robin
  3075 | D:4      | XOM: silly message
  3101 | D:3      | XOM: silly message
  3329 | D:3      | XOM is BORED!
  3329 | D:3      | XOM: give mutations
  3329 | D:3      | Gained mutation: Your body sometimes deteriorates upon
                  | taking damage. [Xom's mischief]
  3329 | D:3      | Gained mutation: You are frail. (-10% HP) [Xom's mischief]
  3571 | D:4      | Found an iron altar of Okawaru.
  3578 | D:4      | XOM: god gift: 46 gold pieces
  3624 | D:4      | XOM: give mutations
  3624 | D:4      | Gained mutation: You are very frail. (-20% HP) [Xom's
                  | mischief]
  3624 | D:4      | Gained mutation: Your muscles are strong. (Str +2) [Xom's
                  | mischief]
  3642 | D:4      | Found a hazy altar of Hepliaklqana.
  3643 | D:4      | Found a shimmering altar of Xom.
  3644 | D:4      | Noticed a spectral ugly thing
  3689 | D:4      | XOM: polymorph giant cockroach -> ball python
  3704 | D:4      | Found a staircase to the Ecumenical Temple.
  3790 | D:4      | Found an ornate altar of the Wu Jian Council.
  4035 | D:4      | XOM: summons 2 hostile demons
  4188 | D:4      | Found a shimmering blue altar of Sif Muna.
  4240 | D:5      | Entered Level 5 of the Dungeon
  4315 | Temple   | Entered the Ecumenical Temple
  4365 | D:5      | XOM: noise
  4368 | D:5      | XOM: noise
  4449 | D:5      | XOM: butterfly on damage
  4454 | D:4      | Reached skill level 5 in Fighting
  4454 | D:4      | Reached XP level 7. HP: 39/57 MP: 6/6
  4486 | D:5      | Reached skill level 5 in Unarmed Combat
  4511 | D:5      | XOM: divine lightning
  4555 | D:5      | Reached skill level 1 in Throwing
  4576 | D:5      | Reached skill level 1 in Evocations
  4702 | D:5      | XOM: give mutations
  4702 | D:5      | Lost mutation: Your body sometimes deteriorates upon taking
                  | damage. [Xom's mischief]
  4702 | D:5      | Lost mutation: Your muscles are strong. (Str +2) [Xom's
                  | mischief]
  4702 | D:5      | Gained mutation: Armour fits poorly on your strangely
                  | shaped body. [Xom's mischief]
  4713 | D:5      | Noticed Eustachio
  4737 | D:5      | XOM: confuse monster(s)
  4763 | D:5      | Killed Eustachio
  5060 | D:6      | XOM: polymorph adder -> bat
  5065 | D:6      | Noticed a kobold demonologist
  5069 | D:6      | XOM: cast spell 'Olgreb's Toxic Radiance'
  5078 | D:6      | Noticed a soul eater
  5081 | D:6      | Killed a kobold demonologist
  5082 | D:6      | Reached XP level 8. HP: 64/64 MP: 7/7
  5094 | D:6      | XOM: divination: magic mapping
  5115 | D:6      | XOM: polymorph jelly -> howler monkey
  5284 | D:6      | XOM: confuse monster(s)
  5380 | D:6      | XOM: blink monster(s)
  5444 | D:6      | XOM: confusion
  5467 | D:6      | Found a glowing drain.
  5476 | Sewer    | Entered a sewer
  5573 | Sewer    | Noticed Pargi
  5581 | Sewer    | XOM is BORED!
  5581 | Sewer    | XOM: confusion (+ monsters)
  5584 | Sewer    | Killed Pargi
  5585 | Sewer    | Reached XP level 9. HP: 72/72 MP: 8/8
  6094 | D:7      | XOM: chaos cloud
  6119 | D:7      | Paralysed by you for 3 turns
  6120 | D:7      | XOM: enchant monster (bad)
  6128 | D:7      | Paralysed by you for 4 turns
  6214 | D:7      | XOM: polymorph steam dragon -> iguana
  6293 | D:7      | XOM: enchant monster (good)
  6298 | D:7      | Paralysed by an orc for 4 turns
  6417 | D:7      | XOM: god gift: wand of acid (5)
  6516 | D:7      | XOM: give mutations
  6516 | D:7      | Gained mutation: You are partially covered in large bone
                  | plates. (SH +4) [Xom's grace]
  6516 | D:7      | Gained mutation: You expend magic power (3 MP) to
                  | strengthen your wands. [Xom's grace]
  6574 | D:7      | XOM: 4-stop teleportation journey
  6598 | D:7      | XOM: fog
  6615 | D:7      | XOM: confuse monster(s)
  6681 | D:7      | Found a broken altar of Ashenzari.
  6770 | D:7      | XOM: give mutation
  6770 | D:7      | Gained mutation: Your magical capacity is low. (-10% MP)
                  | [Xom's mischief]
  6884 | D:7      | Found a sparkling altar of Nemelex Xobeh.
  7364 | D:2      | Killed Crazy Yiuf
  7633 | D:8      | XOM: chaos upgrade
  7679 | D:7      | Reached skill level 5 in Throwing
  7698 | D:7      | XOM: fog
  7708 | D:7      | Reached skill level 1 in Staves
  7773 | D:7      | XOM: chaos upgrade
  7832 | D:8      | XOM: confusion
  7841 | D:7      | HP: 1/59 [wight (12)]
  7841 | D:7      | Slain by a wight

Illustrated notes

Levels and vault maps discovered:
D:1:      wander_arrival_estate, layout_loops_ring,
          nicolae_ecumenical_snake_handling, serial_shops, shop_fountains,
          minmay_splitting_lines
D:2:      layout_loops_corners, serial_co_window_serial, co_window_paths_b,
          co_window_paths_b, co_window_paths_b, co_window_paths_b,
          co_window_of_opportunity_a, co_window_paths_a, co_window_paths_a,
          co_window_paths_a, co_window_of_opportunity_a, co_window_corner_ca,
          co_window_corner_ca, co_window_of_opportunity_c, co_window_broadway_b,
          co_window_sun, glass_columns_c, glass_columns_c, minmay_tetromino_l4,
          uniq_crazy_yiuf_cottage
D:3:      kennysheep_goblin_castle, layout_basic,
          nicolae_ru_great_annihilating_truth, lemuel_tele_altar,
          kennysheep_generic_room_4
D:4:      layout_cave_pods, regret_index_temple_of_mockery,
          okawaru_metal_pillars_1_2, nicolae_wu_jian_immortal_techniques,
          mainiacjoe_overflow_alcove_1, minmay_temple_entry_waves,
          minmay_rat_hole
D:5:      layout_rooms, uniq_eustachio
D:6:      minmay_octagon_keep, layout_rooms, portal_sewer_entry_a
D:7:      layout_basic, mainiacjoe_overflow_alcove_4,
          mainiacjoe_overflow_alcove_2
D:8:      layout_cave_pods, mainiacjoe_overflow_tiny_flanked,
          kennysheep_slug_shrine, ebering_ghost_xom
Temple:   nicolae_temple_figure_zero

Skill      XL: |  1  2  3  4  5  6  7  8  9 |
---------------+----------------------------+-----
Unarmed Combat | 1 2 3 4 5 6 7 |  7.4
Fighting       | 3 4 5 6 7 |  7.0
Throwing       | 2 4 5 |  5.2
Evocations     | 2 3 4 |  4.3
Staves         | 1 |  1.2
Maces & Flails | |  2.6
Dodging        | |  1.9

Action                   |  1- 3 |  4- 6 |  7- 9 || total
-------------------------+-------+-------+-------++-------
Melee: Unarmed           |   120 |   309 |   232 ||   661
       Punch             |     3 |     6 |    12 ||    21
       Quarterstaff      |       |       |    45 ||    45
Throw: Dart              |       |       |    18 ||    18
       Boomerang         |       |       |    13 ||    13
Evoke: Wand              |       |       |     1 ||     1
  Use: Scroll            |       |       |     6 ||     6
       Potion            |       |       |     1 ||     1
 Stab: Paralysed         |       |     1 |     1 ||     2
       Distracted        |       |     1 |       ||     1
       Confused          |       |       |     3 ||     3
       Petrified         |       |       |     1 ||     1
Armor: Robe              |    64 |   103 |    93 ||   260
Dodge: Dodged            |    59 |   130 |   109 ||   298
Block: Other             |       |       |    16 ||    16

Table legend: (Time is in decaauts)
 A = Elapsed time spent in this place.
 B = Non-inter-level travel time spent in this place.
 C = Inter-level travel time spent in this place.
 D = Time resting spent in this place.
 E = Time spent auto-exploring this place.
 F = Levels seen in this place.
 G = Mean time per level.
                   A        B        C        D        E       F      G
               +--------+--------+--------+--------+--------+-----+--------+
         Total |   7878 |   7082 |    796 |    184 |   4245 |  10 |  787.8 |
       Dungeon |   7669 |   6873 |    796 |    184 |   4209 |   8 |  958.6 |
        Temple |      1 |      1 |      0 |      0 |      0 |   1 |    1.0 |
         Sewer |    206 |    206 |      0 |      0 |     36 |   1 |  206.0 |
               +--------+--------+--------+--------+--------+-----+--------+

Top non-repeatable levels by time:
     D:2: 1568 daAuts
     D:7: 1544 daAuts
     D:4: 1172 daAuts
     D:3: 1117 daAuts
     D:6: 799 daAuts
     D:1: 720 daAuts
     D:5: 641 daAuts
   Sewer: 206 daAuts
     D:8: 104 daAuts
  Temple: 1 daAuts
